 Dungeon Crawl Stone Soup version 0.28-a0-1510-gd0f6b136d3 (webtiles) character file.

Game seed: 4153879083490968020

1171 HallandMoats the Skirmisher (level 8, -3/70 HPs)
             Began as a Ghoul Fighter on Jan 14, 2022.
             Was a Follower of Ru.
             Slain by a vampire mosquito (5 damage)
             ... on level 5 of the Dungeon.
             The game lasted 00:07:46 (6860 turns).

HallandMoats the Skirmisher (Ghoul Fighter)         Turns: 6860, Time: 00:07:47

Health: -3/70      AC:  9    Str: 20    XL:     8   Next: 41%
Magic:  6/6        EV: 10    Int:  5    God:    Ru [*.....]
Gold:   255        SH:  4    Dex:  8    Spells: 7/7 levels left

rFire   . . .      SeeInvis .   b - +2 whip (drain)
rCold   + . .      Faith    .   c - +0 buckler
rNeg    + + +      Spirit   .   l - +0 scale mail
rPois   ∞          Reflect  .   f - +0 hat
rElec   .          Harm     .   r - +0 cloak
rCorr   .          Rampage  .   s - +0 pair of gloves
Will    .....                   (no boots)
Stlth   ..........              (no amulet)
HPRegen 0.00/turn               (no ring)
MPRegen 0.10/turn               (no ring)

@: inhibited regen
A: claws 1, cold resistance 1, low mp 1, negative energy resistance 3, inhibited
regeneration, torment resistance 2, no air magic, no hexes magic, no summoning
magic
a: Renounce Religion


You were on level 5 of the Dungeon.
You worshipped Ru.
Ru was aware of your devotion.
You visited 1 branch of the dungeon, and saw 5 of its levels.

You collected 255 gold pieces.

Inventory:

Hand Weapons
 a - a +0 war axe
 b - a +2 whip of draining (weapon)
 z - a +4 spear
Armour
 c - a +0 buckler (worn)
 f - a +0 hat (worn)
 l - a +0 scale mail (worn)
 r - a +0 cloak (worn)
 s - a +0 pair of gloves (worn)
Jewellery
 y - a ring of ice
Wands
 d - a wand of flame (10)
Scrolls
 h - 2 scrolls of teleportation
 i - a scroll of silence {unknown}
 k - 2 scrolls of fear
 n - a scroll of holy word {unknown}
 o - a scroll of blinking {unknown}
 u - a scroll of magic mapping {unknown}
 v - a scroll of vulnerability {unknown}
 x - a scroll of amnesia {unknown}
Potions
 g - a potion of heal wounds
 m - 2 potions of flight
 p - a potion of curing {unknown}
 t - a potion of invisibility {unknown}
 w - a potion of might


   Skills:
 * Level 6.3 Fighting
 * Level 4.7 Axes
 + Level 4.1 Armour
 + Level 2.6 Dodging
 * Level 5.2 Shields


You had 7 spell levels left.
You didn't know any spells.
Your spell library contained the following spells:

 Spells                   Type           Power      Damage    Failure   Level
 Vampiric Draining        Necr           0%         2d6       99%         3
 Slow                     Hex            Unusable   N/A       N/A         1
 Confusing Touch          Hex            Unusable   N/A       N/A         3

Dungeon Overview and Level Annotations

Branches:
Dungeon (5/15)             Temple (0/1) D:5

Altars:
Cheibriados
Fedhas
Qazlal
Ru
Sif Muna
Wu Jian

Annotations:
D:5 1 runed translucent door


Innate Abilities, Weirdness & Mutations

You thrive by killing the living.
You are immune to poison.
You have sharp fingernails.
Your flesh is cold resistant. (rC+)
Your magical capacity is low. (-10% MP)
You are immune to negative energy. (rN+++)
You do not regenerate when monsters are visible.
You are immune to unholy pain and torment.
You cannot study or cast Air magic.
You cannot study or cast Hexes magic.
You cannot study or cast Summoning magic.


Message History

You miss the vampire mosquito. The vampire mosquito barely misses you.
The vampire mosquito bites you but does no damage.
You miss the vampire mosquito. The vampire mosquito barely misses you.
The vampire mosquito completely misses you.
You closely miss the vampire mosquito. The vampire mosquito bites you.
The vampire mosquito barely misses you.
You hit the vampire mosquito.
The vampire mosquito is lightly damaged.
The vampire mosquito bites you but does no damage.
The vampire mosquito barely misses you.
You miss the vampire mosquito.
The vampire mosquito is lightly damaged.
The vampire mosquito bites you but does no damage.
You miss the vampire mosquito.
The vampire mosquito is lightly damaged.
The vampire mosquito barely misses you. The vampire mosquito bites you.
You closely miss the vampire mosquito.
The vampire mosquito is lightly damaged.
The vampire mosquito bites you. x2
You miss the vampire mosquito.
The vampire mosquito is lightly damaged.
The vampire mosquito barely misses you.
The vampire mosquito closely misses you.
You hit the vampire mosquito.
The vampire mosquito is moderately damaged.
The vampire mosquito bites you!
* * * LOW HITPOINT WARNING * * *
The vampire mosquito bites you!
* * * LOW HITPOINT WARNING * * *
You hit the vampire mosquito but do no damage.
The vampire mosquito is moderately damaged.
The vampire mosquito barely misses you.
The giant cockroach waves its antennae.
The vampire mosquito bites you!
* * * LOW HITPOINT WARNING * * *
You closely miss the vampire mosquito.
The vampire mosquito is moderately damaged.
You block the vampire mosquito's attack.
The vampire mosquito bites you.
You die...

.# #.##....#..Bs.#?...##...
.#########.##....#######....##..#
..[...o.....#........y.s....##..#
#############..........(....##..#
#########'##########..
#.##.##..s# #.# #.##.##.B## #.#
#.##.##B## #.# #.##.@ys# #..
######.##.#### ### #......##.# #
#.#######.# #### #.#
#>##############... #.#
####.................. #.#
#..................... #.#
#.######.#.########..# #.# #.#
###.#.# #[..


You could see a vampire mosquito, 2 scorpions and 2 giant cockroaches.

Vanquished Creatures
  Sigmund (D:3)
  Eustachio (D:4)
  An orc warrior (D:5)
  A phantom (D:5)
  A scorpion (D:4)
  A water moccasin zombie (D:3)
  A killer bee (D:5)
  2 hounds (D:5)
  An iron imp (D:4)
  Natasha (thrice) (D:3)
  3 orc wizards
  7 gnolls
  13 adders
  A worm (D:2)
  9 dart slugs
  21 orcs
  7 endoplasms
  5 giant cockroaches
  9 goblins
  7 hobgoblins
  5 jackals
  5 quokkas
  7 ball pythons
  7 bats
  4 frilled lizards
  7 kobolds
  13 rats
143 creatures vanquished.

Vanquished Creatures (others)
  A frilled lizard (D:2)
1 creature vanquished.

Grand Total: 144 creatures vanquished

Notes
Turn   | Place    | Note
-------+----------+-------------------------------------------
     0 | D:1      | HallandMoats the Ghoul Fighter began the quest for the Orb.
     0 | D:1      | Reached XP level 1. HP: 19/19 MP: 0/0
    51 | D:1      | Reached XP level 2. HP: 23/26 MP: 1/1
   377 | D:1      | Reached XP level 3. HP: 29/31 MP: 2/2
   470 | D:1      | Found a faded altar of an unknown god.
   510 | D:1      | Prayed at the altar of an unknown god.
   510 | D:1      | Became a worshipper of Ru the Awakened
   524 | D:1      | Gained mutation: You cannot study or cast Air magic. [Ru
                  | sacrifice]
   524 | D:1      | Gained mutation: You cannot study or cast Hexes magic. [Ru
                  | sacrifice]
   524 | D:1      | Gained mutation: You cannot study or cast Summoning magic.
                  | [Ru sacrifice]
   524 | D:1      | Reached * piety under Ru
  1160 | D:2      | Reached XP level 4. HP: 33/40 MP: 3/3
  1244 | D:2      | Reached skill level 4 in Fighting
  1605 | D:2      | Reached skill level 1 in Dodging
  1605 | D:2      | Reached XP level 5. HP: 41/46 MP: 4/4
  2148 | D:3      | Reached XP level 6. HP: 34/53 MP: 5/5
  2504 | D:3      | Found a blossoming altar of Fedhas.
  2507 | D:3      | Noticed Sigmund
  2515 | D:3      | Noticed Natasha
  2523 | D:3      | Killed Sigmund
  2524 | D:3      | Reached skill level 5 in Fighting
  2526 | D:3      | Killed Natasha
  2581 | D:3      | Noticed Natasha
  2587 | D:3      | Killed Natasha
  2588 | D:3      | Reached XP level 7. HP: 41/61 MP: 6/6
  2768 | D:3      | Noticed Natasha
  2791 | D:3      | Killed Natasha
  2983 | D:4      | Gained mutation: Your magical capacity is low. (-10% MP)
                  | [Ru sacrifice]
  3433 | D:4      | Found a stormy altar of Qazlal.
  3629 | D:4      | Noticed Eustachio
  3656 | D:4      | Killed Eustachio
  3957 | D:4      | Found an ornate altar of the Wu Jian Council.
  4019 | D:4      | Found a snail-covered altar of Cheibriados.
  4324 | D:5      | Entered Level 5 of the Dungeon
  4335 | D:5      | Reached XP level 8. HP: 47/70 MP: 6/6
  4566 | D:5      | Reached skill level 6 in Fighting
  4566 | D:5      | Reached skill level 5 in Shields
  4668 | D:5      | HP: 3/70 [orc warrior (14)]
  6223 | D:5      | Found a runed translucent door.
  6225 | D:5      | Found a runed translucent door.
  6381 | D:5      | Found a shimmering blue altar of Sif Muna.
  6732 | D:5      | Found a staircase to the Ecumenical Temple.
  6859 | D:5      | HP: 2/70 [vampire mosquito (10)]
  6860 | D:5      | Slain by a vampire mosquito

Illustrated notes

Levels and vault maps discovered:
D:1:      elethiomel_arrival_infinity_welcomes_careful_drivers,
          layout_loops_cross, shapermc_ecumenical_altar_totnotflames
D:2:      layout_rooms, minmay_joined_circles
D:3:      layout_basic, nicolae_overflow_hidden_temple, uniq_sigmund,
          uniq_natasha
D:4:      layout_basic, mainiacjoe_overflow_24_doors, nzn_wu_jian_council_hall,
          slow_altar_2, uniq_eustachio
D:5:      lemuel_insect_pit, layout_loops_ring, lemuel_doored_altar,
          temple_green, minmay_misc_feat_diagonals

Skill      XL: |  1  2  3  4  5  6  7  8 |
---------------+-------------------------+-----
Axes           | 2 3 4 |  4.7
Shields        | 3 4 5 |  5.2
Fighting       | 4 5 6 |  6.3
Armour         | 3 4 |  4.1
Dodging        | 1 2 |  2.6

Action                   |  1- 3 |  4- 6 |  7- 9 || total
-------------------------+-------+-------+-------++-------
Melee: War axe           |   100 |    91 |       ||   191
       Whip              |       |    67 |   296 ||   363
       Spear             |       |       |    30 ||    30
Invok: Sacrifice Arcana  |     1 |       |       ||     1
       Sacrifice Essence |       |       |     1 ||     1
  Use: Potion            |       |     1 |       ||     1
       Scroll            |       |       |     6 ||     6
Armor: Scale mail        |    43 |   101 |   100 ||   244
Dodge: Dodged            |    52 |    76 |   132 ||   260
Block: Buckler           |    26 |    34 |    56 ||   116

Table legend: (Time is in decaauts)
 A = Elapsed time spent in this place.
 B = Non-inter-level travel time spent in this place.
 C = Inter-level travel time spent in this place.
 D = Time resting spent in this place.
 E = Time spent auto-exploring this place.
 F = Levels seen in this place.
 G = Mean time per level.
                   A        B        C        D        E       F      G
               +--------+--------+--------+--------+--------+-----+--------+
         Total |   6954 |   6799 |    155 |   1469 |   4143 |   5 | 1390.8 |
       Dungeon |   6954 |   6799 |    155 |   1469 |   4143 |   5 | 1390.8 |
               +--------+--------+--------+--------+--------+-----+--------+

Top non-repeatable levels by time:
     D:4: 2764 daAuts
     D:1: 1187 daAuts
     D:5: 1140 daAuts
     D:2: 963 daAuts
     D:3: 899 daAuts
